 Dungeon Crawl Stone Soup version 0.25-a0-975-gcae8493d64 (webtiles) character file.

Game seed: 16863151334175002958, levelgen mode: deterministic

115 MisterFreud the Skirmisher (level 4, -1/44 HPs)
             Began as a Minotaur Abyssal Knight on May 9, 2020.
             Was a Believer of Lugonu.
             Slain by an ogre
             ... wielding a +0 giant club
              (10 damage)
             ... on level 3 of the Dungeon.
             The game lasted 00:02:02 (1961 turns).

MisterFreud the Skirmisher (MiAK)                   Turns: 1961, Time: 00:02:03

Health: -1/44      AC:  3    Str: 18    XL:     4   Next: 68%
Magic:  4/4        EV: 11    Int:  9    God:    Lugonu [**....]
Gold:   153        SH:  0    Dex:  9    Spells: 3/3 levels left

rFire    . . .     SeeInvis .   t - +0 great sword
rCold    . . .     Gourm    .   (shield currently unavailable)
rNeg     . . .     Faith    .   b - +0 leather armour
rPois    .         Spirit   .   (helmet restricted)
rElec    .         Reflect  .   (no cloak)
rCorr    .         Harm     .   (no gloves)
MR       .....                  (no boots)
Stlth    +.........             (no amulet)
HPRegen  0.14/turn              (no ring)
MPRegen  0.09/turn              (no ring)

@: no status effects
A: retaliatory headbutt, horns 2
a: Depart the Abyss, Bend Space, Renounce Religion


You were on level 3 of the Dungeon.
You worshipped Lugonu.
Lugonu was pleased with you.
You were not hungry.

You visited 1 branch of the dungeon, and saw 3 of its levels.
You visited the Abyss 1 time.

You collected 153 gold pieces.

Inventory:

Hand Weapons
 a - a +1 falchion
 t - a +0 great sword (weapon)
Missiles
 l - 3 silver javelins (quivered)
 m - 4 stones
 n - 18 arrows
 s - 20 poisoned darts
Armour
 b - a +0 leather armour (worn)
Jewellery
 j - an uncursed ring of see invisible {unknown}
 p - an uncursed ring of protection from fire {unknown}
Scrolls
 d - a scroll of fog {unknown}
 f - a scroll of fear {unknown}
 i - 4 scrolls of identify {unknown}
 k - 2 scrolls of remove curse {unknown}
 r - a scroll of amnesia {unknown}
 v - a scroll of enchant weapon {unknown}
 y - a scroll of teleportation {unknown}
 z - a scroll of magic mapping {unknown}
Potions
 e - 2 potions of stabbing {unknown}
 g - a potion of berserk rage {unknown}
 h - 2 potions of cancellation {unknown}
 o - a potion of magic {unknown}
 q - 2 potions of mutation {unknown}
 u - a potion of curing {unknown}
 w - a potion of invisibility {unknown}
Comestibles
 c - 4 rations


   Skills:
 - Level 6.0 Fighting
 + Level 3.1 Long Blades
 - Level 2.4 Armour
 - Level 1.1 Dodging
 + Level 2.4 Invocations


You had 3 spell levels left.
You didn't know any spells.
Your spell library was empty.

Dungeon Overview and Level Annotations

Branches:
Dungeon (3/15)

Altars:
Zin


Innate Abilities, Weirdness & Mutations

You reflexively headbutt those who attack you in melee.
You have a pair of horns on your head.


Message History

You kill the adder!
Lugonu accepts your kill.
No target in view!
No target in view!
An ogre comes into view. It is wielding a +0 giant club.
The ogre shouts!
An ogre is nearby!
An ogre is nearby!
You barely miss the ogre. The ogre hits you with a +0 giant club!
All of the chunks of flesh in your inventory have rotted away.
You slash the ogre!
The ogre is heavily wounded.
The ogre closely misses you. You furiously retaliate!
You headbutt the ogre. You slash the ogre!
The ogre is almost dead.
The ogre hits you with a +0 giant club!!
Ouch! That really hurt!
* * * LOW HITPOINT WARNING * * *
The ogre hits you with a +0 giant club!
You die...

## #####.##### #.# .##
#.........# ##.##
.>####..##.#.#.# ##...##
.#..))..##.#.#.######.###.#
..####.###.#.#.#......# #.#
#............#.#.####.###.#
######.#######.#.# ##...##
### #.# #.#.# #####
##.###.#######.#@#
#..............#O#
##.#############.# #.# #.#
#.# #.# #.# #.# #.# #.# #.#
#.# #.#


You could see an ogre.

Vanquished Creatures
  3 gnolls (D:2)
  3 adders (D:3)
  2 worms (D:2)
  3 dart slugs
  3 leopard geckos
  3 orcs (D:3)
  4 bats
  3 giant cockroaches
  3 hobgoblins
  2 jackals (D:1)
  3 kobolds
  2 quokkas (D:2)
  4 frilled lizards
  5 goblins
  2 rats
45 creatures vanquished.

Notes
Turn   | Place    | Note
-------+----------+-------------------------------------------
     0 | Abyss:1  | MisterFreud the Minotaur Abyssal Knight began the quest for
                  | the Orb.
     0 | Abyss:1  | Reached XP level 1. HP: 19/19 MP: 1/1
    28 | Abyss:1  | Noticed a small abomination
    29 | D:1      | Escaped the Abyss
    83 | D:1      | Reached * piety under Lugonu
    84 | D:1      | Reached skill level 4 in Fighting
    89 | D:1      | Reached XP level 2. HP: 21/28 MP: 2/2
   492 | D:1      | Reached skill level 5 in Fighting
   599 | D:2      | Reached XP level 3. HP: 25/36 MP: 3/3
   861 | D:2      | Reached skill level 6 in Fighting
   861 | D:2      | Reached XP level 4. HP: 7/44 MP: 4/4
  1158 | D:2      | Reached ** piety under Lugonu
  1722 | D:3      | Found a glowing silver altar of Zin.
  1955 | D:3      | Noticed an ogre
  1961 | D:3      | Slain by an ogre

Illustrated notes

Levels and vault maps discovered:
D:1:      minmay_arrival_stair_chambers, layout_rooms, minmay_pentomino_q2
D:2:      layout_basic, minmay_misc_feat_alley, minmay_misc_feat_plants,
          moated_statue
D:3:      layout_loops_ring, zin_academy, tgw_trog, tgw_sif

Skill      XL: |  1  2  3  4 |
---------------+-------------+-----
Fighting       | 4 5 6 |  6.0
Invocations    | 2 |  2.4
Long Blades    | 3 |  3.1
Armour         | |  2.4
Dodging        | |  1.1

Action                   |  1- 3 |  4- 6 || total
-------------------------+-------+-------++-------
Melee: Falchion          |    67 |     3 ||    70
       Headbutt          |    10 |     3 ||    13
       Great sword       |       |    21 ||    21
Invok: Depart the Abyss  |     1 |       ||     1
  Eat: Chunk             |       |     3 ||     3
Armor: Leather armour    |    12 |     3 ||    15
Dodge: Dodged            |    60 |    21 ||    81
       Rpst.: Falchion   |    10 |     1 ||    11
       Great sword       |       |     3 ||     3

Table legend:
 A = Non-vault XP
 B = Vault XP
 C = Vault XP percentage of total XP
 D = Non-vault monster count
 E = Vault monster count
 F = Vault count percentage of total count
                 A         B        C        D         E       F
            +---------+---------+-------+---------+---------+-------
      Total |     160 |       5 |   3.0 |      43 |       2 |   4.4
            +---------+---------+-------+---------+---------+-------
        D:1 |      35 |       5 |  12.5 |      17 |       2 |  10.5
        D:2 |      70 |       0 |   0.0 |      16 |       0 |   0.0
        D:3 |      55 |       0 |   0.0 |      10 |       0 |   0.0
            +---------+---------+-------+---------+---------+-------
